[Event "*** SCC Grand Prix: Titled Tuesday Blitz"]
[Site "Chess.com"]
[Date "2020.09.08"]
[Round "7"]
[White "GMJustin"]
[Black "Bastiandash"]
[Result "1-0"]
[WhiteElo "2226"]
[BlackElo "2378"]
[TimeControl "180+1"]
[EndTime "11:19:08 PDT"]
[Termination "GMJustin won by checkmate"]

1. e4 c5 2. Nf3 e6 3. d4 cxd4 4. Nxd4 a6 5. c4 Nf6 6. Nc3 Bb4 7. Qf3 Qc7 8. Nc2 Be7 9. Qg3 Qxg3 10. hxg3 Nc6 11. Be2 d6 12. g4 b6 13. g5 Nd7 14.
Be3 Bb7 15. O-O-O O-O-O 16. f3 Nc5 17. Rh3 f6 18. Rdh1 fxg5 19. Rxh7 Rxh7 20. Rxh7 Bf6 21.
Kd2 Ne5 22. b4 Ncd7 23. Nd4 Re8 24. g3 Kd8 25. f4 gxf4 26. gxf4 Ng6 27. Rh2 Nxf4 28.
Bxf4 Bxd4 29. Bxd6 Nf6 30. e5 Bxc3+ 31. Kxc3 Ne4+ 32.
Kd4 Nxd6 33. exd6 Kd7 34. c5 bxc5+ 35. bxc5 e5+ 36. Kc4 Bc6 37. Bg4+ Kd8 38. Rh7 Rf8 39. Rxg7 Rf4+ 40. Kc3 Bd5 41. Kd2 Rc4 42. Bf5 Rxc5 43. Rh7 Ke8 44. d7+ Kd8 45. Rh8+ Ke7 46. d8=Q+ Kf7 47.
Qf8# 1-0

[Event "*** SCC Grand Prix: Titled Tuesday Blitz"]
[Site "Chess.com"]
[Date "2020.09.08"]
[Round "7"]
[White "pedromartinez91"]
[Black "bocah_sakit"]
[Result "0-1"]
[WhiteElo "2489"]
[BlackElo "2670"]
[TimeControl "180+1"]
[EndTime "11:19:09 PDT"]
[Termination "bocah_sakit won by checkmate"]

1. Nf3 Nf6 2. g3 g6 3. Bg2 Bg7 4. O-O O-O 5. d4 d6 6. c4 Nc6 7. Nc3 e5 8. dxe5 dxe5 9. Qxd8 Rxd8 10. Bg5 Be6 11. Nd2 Re8 12. Bxf6 Bxf6 13. Nde4 Be7 14. Nd5 Bxd5 15. cxd5 Nb4 16. Nc3 a5 17. Rac1 Na6 18.
Nb5 Bd6 19. Rc4 f5 20. e4 Kf7 21. Rfc1 Kf6 22. Kf1 Re7 23. Ke2 Rf8 24. f3 Kg7 25.
Ra4 fxe4 26. Rxe4 Ref7 27. Rec4 g5 28. a3 h5 29. h4 g4 30. Rf1 e4 31. fxg4 Bxg3 32.
Rxf7+ Rxf7 33. Bxe4 hxg4 34. Bf5 Rxf5 35. Rxg4+ Kh6 36. Rxg3 Rxd5 37. Nc3 Rd4 38. Rg5 b6 39. Rg8 Kh7 40. Ra8 Nc5 41. Ra7 Ne6 42. Nb5 Rc4 43. Kd3 Rc5 44. Nc3 Kh6 45. Ra8 Rf5 46.
Ne4 Rf3+ 47. Kc4 c6 48. Re8 b5# 0-1

[Event "*** SCC Grand Prix: Titled Tuesday Blitz"]
[Site "Chess.com"]
[Date "2020.09.08"]
[Round "7"]
[White "Oligan22"]
[Black "annamaja"]
[Result "1-0"]
[WhiteElo "2463"]
[BlackElo "2290"]
[TimeControl "180+1"]
[EndTime "11:19:09 PDT"]
[Termination "Oligan22 won on time"]

1. e4 c5 2. Nf3 Nc6 3. Bb5 g6 4.
O-O Bg7 5. c3 Nf6 6. Re1 O-O 7.
d3 Qb6 8. Ba4 d6 9. h3 a6 10.
Nbd2 Qc7 11. Bc2 b5 12. a4 Bb7 13. Qe2 e5 14. Nf1 d5 15. Bg5 d4 16. cxd4 cxd4 17.
Rec1 Qd6 18. Bb3 Nd7 19. Bd5 Nb6 20. Bb3 Na5 21. Bd1 b4 22. Qe1 Rfc8 23. Bd2 Bf8 24. N1h2 Nd7 25. Ng4 Nc6 26. a5 h5 27. Ngh2 Rab8 28.
Ng5 Ba8 29. Qf1 Nc5 30. f4 Rc7 31. fxe5 Nxe5 32. Bf4 Rbb7 33. Be2 Bg7 34. Nhf3 Nxf3+ 35. Qxf3 Be5 36. Bxe5 Qxe5 37. h4 Re7 38. Rc4 b3 39. Rac1 Rbc7 40. Qf2 Bb7 41. Nf3 Qd6 42. Rxd4 Qf4 43.
Rdc4 Nxe4 44. dxe4 1-0

[Event "*** SCC Grand Prix: Titled Tuesday Blitz"]
[Site "Chess.com"]
[Date "2020.09.08"]
[Round "7"]
[White "1stSecond"]
[Black "daro94"]
[Result "0-1"]
[WhiteElo "2794"]
[BlackElo "2968"]
[TimeControl "180+1"]
[EndTime "11:19:10 PDT"]
[Termination "daro94 won on time"]

1. Nf3 g6 2. g3 Bg7 3. d4 Nf6 4. Bg2 O-O 5. O-O d6 6. Nc3 Nbd7 7. e4 e5 8. h3 Re8 9. Re1 c6 10. a4 a5 11. b3 Qc7 12. Ba3 Bf8 13.
Qd2 b6 14. d5 Bb7 15. dxc6 Bxc6 16. Rad1 Nc5 17. Nh4 Rad8 18. Qg5 Bg7 19. Qe3 Qb7 20.
Rd2 Bf8 21. Bf3 Ne6 22. Red1 Nd4 23. Bg2 Rc8 24. Bb2 Rcd8 25. Re1 Re6 26. Nd1 Rde8 27.
f4 Bh6 28. Nf2 d5 29. Bxd4 exd4 30. Qxd4 dxe4 31. Rde2 Bg7 32. f5 Re5 33. Qc4 g5 34.
Nd3 R5e7 35. Nf3 exf3 36. Rxe7 Rxe7 37. Rxe7 Qxe7 38. Qxc6 fxg2 39. Qxb6 Qe2 40. Qf2 Qe4 41. g4 Nd5 42. Qxg2 Bd4+ 43. Kh2 Qe3 0-1

[Event "*** SCC Grand Prix: Titled Tuesday Blitz"]
[Site "Chess.com"]
[Date "2020.09.08"]
[Round "7"]
[White "ChessicallyInclined"]
[Black "DishonorOnYourCow"]
[Result "1-0"]
[WhiteElo "2550"]
[BlackElo "2348"]
[TimeControl "180+1"]
[EndTime "11:19:11 PDT"]
[Termination "ChessicallyInclined won by resignation"]

1. d4 Nf6 2. c4 g6 3. Nc3 d5 4. Nf3 Bg7 5. Qb3 dxc4 6. Qxc4 O-O 7. e4 Na6 8. Be2 c5 9. d5 Nd7 10. O-O Nb6 11. Qb3 e6 12. Rd1 exd5 13. Nxd5 Nxd5 14.
exd5 Bf5 15. Be3 Qb6 16. Qxb6 axb6 17. Rd2 Nb4 18. a3 Nc2 19. Rc1 Nxe3 20. fxe3 Bh6 21. Kf2 Rfe8 22. Rc3 Bg7 23. Rb3 Bh6 24. Bb5 Re4 25.
h3 c4 26. Rc3 Rd8 27. d6 Bd7 28. Bxc4 Bxe3+ 29. Rxe3 Rxc4 30. Re7 Rc6 31. Ne5 Be6 32.
Nxc6 bxc6 33. Rc7 Bd5 34. d7 Kf8 35. Rc8 Ke7 36. Rxd8 Kxd8 37. g4 Kxd7 38. Ke3 Kd6 39. Kf4 Ke6 40. Kg5 h5 41. gxh5 gxh5 42. Kxh5 f5 43. Kg5 Ke5 44. Rf2 Be4 45. h4 Ke6 46. h5 Kf7 47. Rxf5+ Bxf5 48. Kxf5 c5 49. Ke5 Kg7 50. Kd5 Kh6 51. Kc6 Kxh5 52. Kxb6 Kg5 53. Kxc5 Kf5 54. a4 1-0

[Event "*** SCC Grand Prix: Titled Tuesday Blitz"]
[Site "Chess.com"]
[Date "2020.09.08"]
[Round "7"]
[White "DarZay"]
[Black "ChessWarrior3"]
[Result "1-0"]
[WhiteElo "2058"]
[BlackElo "2118"]
[TimeControl "180+1"]
[EndTime "11:19:11 PDT"]
[Termination "DarZay won by resignation"]

1. e3 e5 2. d4 Nc6 3. d5 Nce7 4.
e4 d6 5. c4 c5 6. Nc3 g6 7. g3 Bg7 8. Bg2 f5 9. f4 fxe4 10. Nxe4 Nf6 11. Nxf6+ Bxf6 12. fxe5 Bxe5 13. Nf3 Bg7 14. O-O O-O 15. Bg5 h6 16. Bf4 Nf5 17. Qe2 Nd4 18. Nxd4 Bxd4+ 19. Kh1 Kg7 20. Rae1 h5 21.
Qe7+ Qxe7 22. Rxe7+ Rf7 23. Rxf7+ Kxf7 24. Bxd6+ Bf5 25.
Be4 Kf6 26. Bxf5 gxf5 27. b3 Kg5 28. Bf4+ Kg4 29. Kg2 h4 30. h3+ Kh5 31. Bd6 Kg6 32.
gxh4 Re8 33. Bg3 Re2+ 34. Kf3 Rxa2 35. d6 Rd2 36. Bf4 Rd3+ 37. Ke2 Rxb3 38. d7 Rb2+ 39. Kd1 Bf6 40. Bg5 Rb6 41. Kc2 Rd6 42. Rd1 Rxd1 43.
Kxd1 Bxg5 44. hxg5 f4 45. d8=Q f3 46. Ke1 a5 47.
Qf6+ Kh7 48. g6+ Kh6 49. g7+ Kh5 50. h4 f2+ 51. Kxf2 Kg4 52. Qg5+ 1-0

[Event "*** SCC Grand Prix: Titled Tuesday Blitz"]
[Site "Chess.com"]
[Date "2020.09.08"]
[Round "7"]
[White "rpragchess"]
[Black "BanjoKazooieN64"]
[Result "0-1"]
[WhiteElo "2814"]
[BlackElo "2596"]
[TimeControl "180+1"]
[EndTime "11:19:12 PDT"]
[Termination "BanjoKazooieN64 won by resignation"]

1. a3 e5 2. c4 Nf6 3. e3 Nc6 4. b4 d5 5. cxd5 Nxd5 6. Bb2 Bd6 7.
Bc4 Nf6 8. Be2 O-O 9. d3 a6 10. Nf3 h6 11. Nbd2 Bf5 12. O-O Re8 13. Qc2 Bf8 14.
Rad1 Qe7 15. Ne4 Nxe4 16. dxe4 Bg6 17. b5 axb5 18. Bxb5 Qe6 19. Rd5 Qxd5 20. exd5 Bxc2 21. dxc6 Ra5 22. Bc4 bxc6 23. Rc1 Be4 24. Nd2 Bd5 25. e4 Bxc4 26. Nxc4 Ra4 27. Rc2 Rb8 28. Nxe5 Bxa3 29.
Bxa3 Rxa3 30. g3 Re8 31. Nc4 Ra1+ 32. Kg2 Rxe4 33. Ne3 Re6 34. Rd2 Ra8 35. Rd7 Rc8 36.
Nc4 Kf8 37. Kf3 Ke8 38. Rd3 Rd8 39. Rb3 Rf6+ 40. Ke2 Rd4 41. Rb8+ Ke7 42. Ne3 g6 43. h4 Rfd6 44. h5 Rd2+ 45. Ke1 Ra2 46. hxg6 fxg6 47.
Rh8 Rdd2 48. Rh7+ Kf6 49. Nd1 Re2+ 50. Kf1 Re7 51. Rh8 Ra1 52. Rd8 Re6 0-1

[Event "*** SCC Grand Prix: Titled Tuesday Blitz"]
[Site "Chess.com"]
[Date "2020.09.08"]
[Round "7"]
[White "aloe_normansen"]
[Black "joshuaguo"]
[Result "1-0"]
[WhiteElo "2356"]
[BlackElo "2213"]
[TimeControl "180+1"]
[EndTime "11:19:12 PDT"]
[Termination "aloe_normansen won on time"]

1. e4 c5 2. Nf3 d6 3. d4 cxd4 4. Nxd4 Nf6 5. Nc3 a6 6. Bg5 e6 7.
f4 h6 8. Bh4 Qb6 9. Qd2 Qxb2 10. Rb1 Qa3 11. e5 dxe5 12. fxe5 g5 13. Bg3 Nh5 14.
Be2 Nxg3 15. hxg3 Bg7 16. O-O O-O 17. Bh5 Nd7 18. Ne4 Nxe5 19. Nf6+ Kh8 20. Rb3 Qe7 21. Ne4 b5 22. Qe2 Bb7 23. Nf3 Nxf3+ 24. Rbxf3 f5 25. Nd2 Bxf3 26. Nxf3 e5 27. Kh2 e4 28. Qe3 Qf6 29. Ne1 Rac8 30. g4 Qe5+ 31. g3 f4 32. Qb6 fxg3+ 33. Kg2 Rxf1 34. Kxf1 Qf4+ 35. Kg2 Qf2+ 36.
Qxf2 gxf2 37. Kxf2 Rc3 38. Ke2 Kg8 39. Kd2 Ra3 40. Ng2 Rxa2 41. Ne3 Ra3 42. Nf5 Bf8 43. Ke2 Kh7 44. Be8 1-0

[Event "*** SCC Grand Prix: Titled Tuesday Blitz"]
[Site "Chess.com"]
[Date "2020.09.08"]
[Round "7"]
[White "poppy73"]
[Black "niki_2003"]
[Result "1-0"]
[WhiteElo "2249"]
[BlackElo "1637"]
[TimeControl "180+1"]
[EndTime "11:19:13 PDT"]
[Termination "poppy73 won on time"]

1. e4 c5 2. Nf3 d6 3. d4 cxd4 4.
Nxd4 Nf6 5. Nc3 g6 6. Be3 Bg7 7. f3 O-O 8. Qd2 Nc6 9. O-O-O d5 10. Kb1 Nxd4 11. e5 Nd7 12. Bxd4 e6 13. f4 a6 14. g4 f6 15. exf6 Nxf6 16. h3 b5 17. Bg2 Nd7 18. Bxg7 Kxg7 19. Qd4+ Qf6 20. Rhe1 Nb8 21.
Qc5 Bd7 22. g5 Qf5 23. Qd4+ Kg8 24. Nxd5 Nc6 25. Nf6+ Rxf6 26. Qxf6 Qxf6 27. gxf6 Ra7 28. Rxd7 Rxd7 29. Bxc6 Rd6 30. Be8 Kf8 31. f7 Rd4 32.
Kc1 Ke7 33. Rxe6+ Kxe6 34. f8=Q Re4 35. Qf7+ Kd6 36. Qd7+ Kc5 37. Qc6+ Kd4 38. c3+ Ke3 39. Bd7 Kd3 40. Qd5+ Ke3 41. Bc6 Rxf4 42. Qe5+ 1-0

[Event "*** SCC Grand Prix: Titled Tuesday Blitz"]
[Site "Chess.com"]
[Date "2020.09.08"]
[Round "7"]
[White "albi1999"]
[Black "saraswathii"]
[Result "1-0"]
[WhiteElo "2634"]
[BlackElo "2346"]
[TimeControl "180+1"]
[EndTime "11:19:14 PDT"]
[Termination "albi1999 won by resignation"]

1. d4 g6 2. c4 Bg7 3. Nf3 e6 4. g3 Ne7 5. Bg2 d5 6. O-O O-O 7. Qc2 Nbc6 8. Rd1 Nf5 9. e3 Bd7 10. b3 Nce7 11. Nc3 c6 12. Ba3 Re8 13. e4 dxe4 14. Nxe4 Nc8 15. h3 Qc7 16. Bb2 Nfd6 17. Nxd6 Nxd6 18. Ne5 Nf5 19. Rd2 Rad8 20. Rad1 Bc8 21.
Qe4 c5 22. dxc5 Rxd2 23. Rxd2 Qxc5 24. Qe1 b5 25. Nd3 Qb6 26. Bxg7 Kxg7 27. c5 Qc7 28. Qe5+ Qxe5 29. Nxe5 Ba6 30. Rd7 Nh6 31. Rxa7 Bc8 32. c6 Kf6 33. f4 Re7 34. c7 Nf5 35. Kf2 b4 36. Bc6 Nd4 37. Bd7 Rxd7 38. Nxd7+ Bxd7 39. Ra8 Nb5 40. c8=Q Bxc8 41. Rxc8 Nc3 42. a3 Ne4+ 43. Ke3 Nxg3 44. a4 Nf5+ 45. Kd3 Nd6 46. Rc6 Nb7 47. Rc7 Na5 48. Kd4 Nxb3+ 49. Kc4 Nc1 50.
Kxb4 Nd3+ 51. Kb5 Nxf4 52. a5 Nd5 53. Rc1 Ke5 54. a6 f5 55. a7 1-0

[Event "*** SCC Grand Prix: Titled Tuesday Blitz"]
[Site "Chess.com"]
[Date "2020.09.08"]
[Round "7"]
[White "artichaud"]
[Black "Mikhail_Golubev"]
[Result "0-1"]
[WhiteElo "2220"]
[BlackElo "2574"]
[TimeControl "180+1"]
[EndTime "11:19:14 PDT"]
[Termination "Mikhail_Golubev won on time"]

1. e4 c5 2. Nf3 d6 3. d4 cxd4 4.
Nxd4 Nf6 5. Nc3 g6 6. Be3 Bg7 7.
f3 a6 8. Qd2 h5 9. Be2 Nbd7 10.
O-O b5 11. a4 b4 12. Na2 a5 13.
c3 bxc3 14. Nxc3 O-O 15. Rac1 Nc5 16. Ndb5 Nb3 17. Qd3 Nxc1 18. Rxc1 Ba6 19. Qd2 Rc8 20. Na7 Rxc3 21. Rxc3 Nxe4 22. fxe4 Bxe2 23. Rc8 Qd7 24. Rxf8+ Kxf8 25. Qxe2 Qxa4 26. Nb5 Qa1+ 27. Kf2 Qxb2 28. Qxb2 Bxb2 29. Bd4 Bxd4+ 30. Nxd4 Kg7 31. Ke3 Kf6 32. h4 a4 33. Nb5 Ke5 34. Kf3 f5 35. exf5 gxf5 36. g3 Kf6 37. Ke3 Ke6 38. Kd3 Ke5 39.
Ke3 d5 40. Kd3 e6 41. Ke3 Kf6 42. Kd4 f4 43. gxf4 Kf5 0-1

[Event "*** SCC Grand Prix: Titled Tuesday Blitz"]
[Site "Chess.com"]
[Date "2020.09.08"]
[Round "7"]
[White "Sethu0025"]
[Black "Ba_clbaf_osed_ingo_3v21"]
[Result "1-0"]
[WhiteElo "2711"]
[BlackElo "2531"]
[TimeControl "180+1"]
[EndTime "11:19:15 PDT"]
[Termination "Sethu0025 won by resignation"]

1. c4 c5 2. Nf3 Nc6 3. d4 cxd4 4. Nxd4 Nf6 5. Nc3 e6 6. e4 Bb4 7. Nxc6 dxc6 8. Qxd8+ Kxd8 9. e5 Ne4 10. a3 Bxc3+ 11. bxc3 Nc5 12. Bf4 Kc7 13. h4 b6 14. h5 Ba6 15.
Rh3 Rad8 16. Be2 Rd7 17. Rg3 g6 18. Rh3 Rhd8 19. Bg5 Rg8 20. hxg6 hxg6 21. a4 Nb3 22.
Ra3 Na5 23. Rh4 c5 24. Ra1 Bb7 25. f3 Bc6 26. Kf2 Nb3 27. Ra3 Na5 28. Ke3 Bb7 29. Ra2 Ba6 30. Rd2 Bb7 31. Rh7 Rf8 32. Rxd7+ Kxd7 33.
Bh6 Re8 34. Rxf7+ Re7 35. Rf6 Bc6 36. Rxg6 Bxa4 37. g4 Bc2 38. Rg8 Nb3 39. Ra8 Kc6 40. f4 Rd7 41. Bf3+ Kc7 42. Rxa7+ Kd8 43. Bg5+ Kc8 44.
Ra8+ Kc7 45. Ra7+ Kc8 46. Rxd7 Kxd7 47. Bf6 Ke8 48. Bc6+ Kf7 49. Bd8 1-0

[Event "*** SCC Grand Prix: Titled Tuesday Blitz"]
[Site "Chess.com"]
[Date "2020.09.08"]
[Round "7"]
[White "M1711"]
[Black "kosya4ok"]
[Result "0-1"]
[WhiteElo "2506"]
[BlackElo "2682"]
[TimeControl "180+1"]
[EndTime "11:19:15 PDT"]
[Termination "kosya4ok won on time"]

1. e4 e5 2. Bc4 Nf6 3. d3 Nc6 4. Nf3 Bc5 5. c3 d6 6. Nbd2 a6 7. Bb3 Ba7 8. h3 Ne7 9. Nf1 Ng6 10. g4 h5 11. g5 Nd7 12. Ng3 Nc5 13. Bc2 d5 14.
Qe2 dxe4 15. dxe4 Ne6 16. Nf5 Ngf4 17. Qf1 g6 18. Ne3 Nxg5 19. Nxg5 Qxg5 20. Nd5 O-O 21. Rg1 Qh4 22. Bxf4 exf4 23. O-O-O Bxh3 24. Qd3 Bxf2 25. Rh1 Bg3 26. e5 Kh8 27. Nf6 Rac8 28. Kb1 Kg7 29. Qd4 c5 30. Qe4 Rc6 31. Qf3 Rxf6 32. exf6+ Kxf6 33. Rdf1 Kg7 34. Qxb7 Qg4 35. Rfg1 f3 36. Qc7 Bg2 37.
Rxg2 Bxc7 38. Rxg4 hxg4 39. Rg1 Kf6 40. Rxg4 f2 41. Bd3 Re8 42. Kc2 Re1 43. Rc4 Bd6 44. Ra4 Re3 45. Bc4 Re4 0-1

[Event "*** SCC Grand Prix: Titled Tuesday Blitz"]
[Site "Chess.com"]
[Date "2020.09.08"]
[Round "7"]
[White "Gabrielian_Artur"]
[Black "Yaacovn"]
[Result "1-0"]
[WhiteElo "2719"]
[BlackElo "2891"]
[TimeControl "180+1"]
[EndTime "11:19:17 PDT"]
[Termination "Gabrielian_Artur won on time"]

1. e4 c6 2. d4 d5 3. Nd2 dxe4 4.
Nxe4 Nf6 5. Nxf6+ gxf6 6. c3 Qd5 7. Nf3 Bg4 8. Be2 Nd7 9. h3 Bh5 10. Qb3 O-O-O 11. Qxd5 cxd5 12. Be3 e6 13. O-O-O Nb6 14. Rhe1 Rg8 15. g4 Bg6 16. Nd2 Bd6 17. Nb3 Kb8 18.
Nc5 Nc4 19. Nd3 Rc8 20. Bf4 e5 21. dxe5 fxe5 22. Bg3 f6 23. Bf1 Rgd8 24. h4 h5 25. g5 f5 26. Nxe5 Bxe5 27. Bxe5+ Ka8 28. Bg2 Bf7 29.
Bf6 Rd7 30. b3 Nb6 31. Kb2 a6 32. a4 Rg8 33. Bd4 Nc8 34. Bc5 b6 35. Be3 Kb8 36. c4 Rgd8 37. Bf4+ Ka7 38. cxd5 Bxd5 39. Bxd5 Rxd5 40.
Rxd5 Rxd5 41. Re8 Kb7 42. g6 Rd7 43. Be5 Re7 44. Rxe7+ Nxe7 45. g7 Kc6 46. Bf6 Ng8 47.
Bg5 Kd5 48. Kc3 1-0

[Event "*** SCC Grand Prix: Titled Tuesday Blitz"]
[Site "Chess.com"]
[Date "2020.09.08"]
[Round "7"]
[White "Goryachkina"]
[Black "sergeikim"]
[Result "0-1"]
[WhiteElo "2588"]
[BlackElo "2483"]
[TimeControl "180+1"]
[EndTime "11:19:17 PDT"]
[Termination "sergeikim won by resignation"]

1. e4 e5 2. Nf3 Nc6 3. Bc4 Bc5 4. d3 Nf6 5. O-O d6 6. h3 a6 7. a4 Ba7 8. c3 O-O 9. Re1 Be6 10. Na3 h6 11. b4 Ne7 12. a5 Ng6 13. Qb3 Qd7 14.
Bxe6 fxe6 15. Be3 Nh5 16. Bxa7 Rxa7 17. Re3 Nhf4 18. h4 Raa8 19. g3 Nh5 20. Kg2 Rf6 21.
Nc4 Raf8 22. Ncd2 Qf7 23. b5 axb5 24. Qxb5 c6 25. Qb3 d5 26. Qb2 c5 27. exd5 exd5 28. Qa2 Kh8 29. Rf1 e4 30. dxe4 dxe4 31. Qxf7 exf3+ 32. Rxf3 R6xf7 33. Re3 Nf6 34. Nc4 Nd5 35.
Re4 Nxc3 36. Re6 Rf6 37. Re3 Nd5 38. Rb3 R8f7 39. Rb2 Nb4 40. Rfb1 Nd3 41. Rxb7 Rxf2+ 42. Kg1 Rxb7 43. Rxb7 Ra2 44. Rb8+ Kh7 45. Ra8 Nge5 46. Nb6 Nf3+ 0-1

[Event "*** SCC Grand Prix: Titled Tuesday Blitz"]
[Site "Chess.com"]
[Date "2020.09.08"]
[Round "7"]
[White "Iball95"]
[Black "BogdanDeac"]
[Result "1-0"]
[WhiteElo "2734"]
[BlackElo "2908"]
[TimeControl "180+1"]
[EndTime "11:19:18 PDT"]
[Termination "Iball95 won on time"]

1. d4 g6 2. e4 Bg7 3. Nf3 d6 4.
Bc4 Nf6 5. Qe2 O-O 6. h3 c6 7.
Nbd2 d5 8. Bd3 a5 9. O-O Na6 10. c3 Nh5 11. Qe3 dxe4 12. Nxe4 Nc7 13. Ne5 Nd5 14.
Qf3 Qc7 15. Re1 Bf5 16. g4 Bxe4 17. Bxe4 Nhf6 18. Bc2 e6 19. a4 Rad8 20. h4 c5 21.
dxc5 Qxc5 22. h5 Qc7 23. h6 Bh8 24. Bg5 Nd7 25. Nxd7 Rxd7 26. Rad1 Qb6 27. Be4 Qxb2 28. Bxd5 exd5 29. Bf6 Qb6 30. Bxh8 Kxh8 31. Rxd5 Qc6 32. c4 Kg8 33. Qf4 f6 34. Qd4 Rdf7 35. Rd6 Qc7 36.
c5 Re7 37. Rde6 Ref7 38. Qd5 Qd7 39. Qc4 Kh8 40. Rd6 Qc8 41. Ree6 g5 42. Qd4 Kg8 43. Qd5 Kh8 44. Kg2 Qc7 45. Qd4 Kg8 46. f3 Qc8 47.
Qd5 Kh8 48. Rb6 1-0

[Event "*** SCC Grand Prix: Titled Tuesday Blitz"]
[Site "Chess.com"]
[Date "2020.09.08"]
[Round "7"]
[White "dachessmandan"]
[Black "NikolaGry"]
[Result "0-1"]
[WhiteElo "2406"]
[BlackElo "2596"]
[TimeControl "180+1"]
[EndTime "11:19:18 PDT"]
[Termination "NikolaGry won by checkmate"]

1. e4 e5 2. Nf3 d6 3. d4 exd4 4. Nxd4 Nf6 5. Nc3 g6 6. Be2 Bg7 7. Be3 O-O 8. f4 Re8 9. Bf3 Nxe4 10. Bxe4 d5 11. Bxd5 Rxe3+ 12. Nde2 Qe7 13. O-O c6 14. Bf3 Na6 15. Qd2 Bf5 16. Rad1 Nb4 17. Nd4 Bxd4 18. Qxd4 Nxc2 19. Qa4 Qc5 20. Kh1 Rxc3 21. bxc3 Ne3 22.
Rfe1 Nxd1 23. Qxd1 Qxc3 24. g4 Be6 25. f5 Bxa2 26. Qe2 Bd5 27. Bxd5 cxd5 28. Qe7 Qf3+ 29. Kg1 Qxg4+ 30. Kh1 Qxf5 31. Kg1 Rc8 32. Rf1 Qg4+ 33.
Kh1 Qe6 34. Qxb7 Rc2 35. Qb8+ Kg7 36. Qg3 h5 37. Re1 Qf5 38. Kg1 Rc4 39. Rf1 Rg4 40. Rxf5 Rxg3+ 41. hxg3 gxf5 42. Kf2 f4 43. Kf3 fxg3 44.
Kf4 a5 45. Kg5 a4 46. Kxh5 a3 47. Kh4 a2 48. Kh3 a1=Q 49. Kh4 Qd1 50. Kh3 g2 51.
Kh4 Qd4+ 52. Kh3 Qe3+ 53. Kh4 Qf4+ 54. Kh3 Qg5 55. Kh2 g1=Q+ 56. Kh3 Q1g2# 0-1

[Event "*** SCC Grand Prix: Titled Tuesday Blitz"]
[Site "Chess.com"]
[Date "2020.09.08"]
[Round "7"]
[White "RobPeresian"]
[Black "mr_gustavo"]
[Result "1-0"]
[WhiteElo "2365"]
[BlackElo "2236"]
[TimeControl "180+1"]
[EndTime "11:19:18 PDT"]
[Termination "RobPeresian won by checkmate"]

1. Nf3 Nf6 2. c4 g6 3. Nc3 Bg7 4. e4 d6 5. d4 O-O 6. h3 e5 7. d5 c6 8. Bg5 cxd5 9. cxd5 a6 10. Be2 b5 11. a3 Nbd7 12. g4 Qb6 13. Nd2 Nc5 14. h4 Re8 15. Be3 Qb7 16. b4 Ncd7 17. h5 Nf8 18. hxg6 Nxg6 19. g5 Nd7 20. Bg4 Nf4 21. Bf5 Nf8 22. Qg4 Qc7 23. Ne2 Nd3+ 24. Kf1 Qc2 25. Ng3 Nf4 26. Nh5 Qd3+ 27. Kg1 Nxh5 28. Rxh5 Qc3 29. Rf1 Qc2 30. Kg2 Qd3 31.
Rfh1 Qc2 32. Qh3 Qa2 33. Rxh7 Nxh7 34. Qxh7+ Kf8 35. Bxc8 Raxc8 36. g6 Rc2 37. gxf7 Rec8 38. Qg8+ Ke7 39. Qxg7 Rf8 40. Bg5+ Kd7 41. Qxf8 Rxd2 42.
Qe8+ Kc7 43. Bxd2 Qxd2 44. Qe7+ Kb6 45. f8=Q Qd3 46. Qxd6+ Kb7 47. Rh7# 1-0

[Event "*** SCC Grand Prix: Titled Tuesday Blitz"]
[Site "Chess.com"]
[Date "2020.09.08"]
[Round "7"]
[White "Legendinunknown"]
[Black "aNaartjieZA"]
[Result "0-1"]
[WhiteElo "2607"]
[BlackElo "2487"]
[TimeControl "180+1"]
[EndTime "11:19:19 PDT"]
[Termination "aNaartjieZA won by resignation"]

1. d4 Nf6 2. c4 c5 3. d5 e5 4. Nc3 d6 5. e4 Nbd7 6. Bd3 Be7 7. Nge2 h5 8. f3 h4 9. Be3 Nh5 10. Qd2 a6 11. g3 g5 12. O-O-O Rb8 13. Rdg1 h3 14. f4 g4 15. a4 Bf6 16. f5 Rg8 17.
Kc2 Bg5 18. Rb1 Bxe3 19. Qxe3 a5 20. Nb5 Qf6 21. Rhf1 Ke7 22. Nec3 b6 23. Na7 Ra8 24. Nc6+ Ke8 25. Nb5 Bb7 26. Nc7+ Kf8 27. Ne6+ Ke8 28. Be2 Rc8 29. Qd2 Bxc6 30. dxc6 Rxc6 31. Qd5 Nb8 32. Rbd1 Ke7 33. Qd2 fxe6 34. fxe6 Qxe6 35. Rf5 Nf6 36.
Rdf1 Nbd7 37. Qh6 Rf8 38. Bd3 Rcc8 39. Qg7+ Rf7 40. Qh6 Rcf8 41. Qg5 Ke8 42. Qg6 Rg8 43. Qh6 Rh7 44. Qe3 Rg6 45. Qf2 Ke7 46. Qe3 Nb8 47.
Qf2 Nc6 48. Kc3 Nd4 49. Qe3 Rgh6 50. Rg5 Qd7 51. b3 Qe8 52. Qf2 Rg6 53. Qe3 Qg8 54.
Rgf5 Nxf5 55. exf5 Rgg7 56. Be4 Qc8 57. Bd5 Nxd5+ 58.
cxd5 Kf6 59. Qe4 Rh5 60. Qc4 Rxf5 61. Rxf5+ Qxf5 62. Qb5 Qf3+ 63. Kb2 Qxd5 64. Ka3 Kf5 65. Qxb6 Rb7 0-1

[Event "*** SCC Grand Prix: Titled Tuesday Blitz"]
[Site "Chess.com"]
[Date "2020.09.08"]
[Round "7"]
[White "annacramling"]
[Black "ClydeHillKid"]
[Result "1-0"]
[WhiteElo "2154"]
[BlackElo "2332"]
[TimeControl "180+1"]
[EndTime "11:19:19 PDT"]
[Termination "annacramling won on time"]

1. d4 d5 2. c4 e6 3. Nc3 Nf6 4. cxd5 exd5 5. Bg5 c6 6. e3 Bd6 7. Bd3 O-O 8. Nf3 Re8 9. O-O Nbd7 10. Qc2 Nf8 11.
Rab1 Ng6 12. b4 h6 13. Bxf6 Qxf6 14. b5 Bg4 15. Bxg6 Bxf3 16. Bh7+ Kh8 17. gxf3 g6 18. bxc6 bxc6 19. f4 Kxh7 20. Ne2 Rac8 21. Rb7 Re7 22.
Rfb1 Rcc7 23. Rxc7 Rxc7 24. Ng3 h5 25. Qe2 c5 26. dxc5 Bxc5 27. Rd1 Rd7 28. Ne4 Qe7 29. Nxc5 Qxc5 30. Qd3 d4 31. exd4 Qd5 32. h3 Rd6 33. a4 a5 34. f5 Rf6 35. fxg6+ Rxg6+ 36. Kf1 Qg2+ 37. Ke2 Kg7 38. d5 Qg5 39. d6 Re6+ 40. Kf1 Rg6 41. Qd4+ Kh7 42. d7 Qg2+ 43. Ke2 Re6+ 44.
Kd2 Qg5+ 45. Kc2 Rc6+ 46. Kb2 Qd8 47. Qd3+ Rg6 48. Rd2 Qb8+ 49. Ka2 1-0

[Event "*** SCC Grand Prix: Titled Tuesday Blitz"]
[Site "Chess.com"]
[Date "2020.09.08"]
[Round "7"]
[White "natelleka"]
[Black "narutosmith"]
[Result "0-1"]
[WhiteElo "2113"]
[BlackElo "2245"]
[TimeControl "180+1"]
[EndTime "11:19:19 PDT"]
[Termination "narutosmith won by checkmate"]

1. e4 c5 2. Nf3 Nc6 3. d4 cxd4 4. Nxd4 e6 5. Nb5 d6 6. c4 Nf6 7. N1c3 a6 8. Na3 Be7 9. Be2 b6 10. O-O Bb7 11. f4 O-O 12. Be3 Nb8 13. Bf3 Nbd7 14. Qe2 Qc7 15. Rac1 Rac8 16. Rfd1 Rfe8 17. b3 Qb8 18.
Nab1 Qa8 19. Bf2 Nc5 20. Nd2 d5 21. cxd5 exd5 22. e5 Nfe4 23. Ndxe4 dxe4 24. Bg4 Rcd8 25. Bxc5 Bxc5+ 26. Kh1 Rd3 27. Bf5 Re3 28. Qc4 Rf8 29. Rd7 Rd3 30. Rxb7 Qxb7 31. Bxe4 Rxc3 32. Bxb7 Rxc4 33.
Rxc4 a5 34. g3 Rd8 35. Rc2 Rd1+ 36. Kg2 Rg1+ 37. Kf3 Rf1+ 38. Ke4 Rd1 39. Kf5 g6+ 40. Ke4 Kg7 41. Bd5 Rd4+ 42. Kf3 Rxd5 43. Ke4 Rd4+ 44. Kf3 Rd1 45. Kg2 Re1 46. Kf3 Kf8 47. Kg2 Ke7 48.
Kf3 Ke6 49. Kg2 h5 50. Kf3 Kf5 51. Kg2 Kg4 52. Rd2 Rg1# 0-1

[Event "*** SCC Grand Prix: Titled Tuesday Blitz"]
[Site "Chess.com"]
[Date "2020.09.08"]
[Round "7"]
[White "DinaBelenkaya"]
[Black "picturesquecheck"]
[Result "1-0"]
[WhiteElo "2282"]
[BlackElo "2146"]
[TimeControl "180+1"]
[EndTime "11:19:20 PDT"]
[Termination "DinaBelenkaya won by checkmate"]

1. e4 c5 2. Nc3 Nc6 3. Nf3 d6 4. g3 g6 5. Bg2 Bg7 6. d3 e6 7. Bg5 Nge7 8. Qc1 h6 9. Be3 a6 10. O-O b5 11. Ne2 h5 12. c3 Bb7 13. d4 cxd4 14. cxd4 Rc8 15. Qd2 d5 16. e5 O-O 17. Bg5 Qd7 18. Bf6 b4 19. Nh4 a5 20.
Nf4 Ba6 21. Nxh5 gxh5 22. Qg5 Ng6 23. Rfd1 Nce7 24. Qxh5 Rc2 25. Bh3 Be2 26. Nf3 Rxb2 27. Bg4 Bxf3 28. Bxf3 Nf5 29. h4 Rc8 30. Qg5 Bh6 31.
Qg4 Kh7 32. h5 Nge7 33. Qh3 Rg8 34. g4 a4 35. Rf1 Nxd4 36. Kh1 Nxf3 37. Qxf3 d4 38.
Qe4+ Nf5 39. gxf5 exf5 40. Qf3 Rg4 41. Rg1 b3 42. Rxg4 fxg4 43. Qe4+ Kg8 44. Rg1 Rxf2 45.
Rxg4+ Kf8 46. Rg1 Qf5 47. Qa8+ Qc8 48. Qxc8# 1-0